 Dungeon Crawl Stone Soup version 0.31-a0-1009-g454b1f1e0a (webtiles) character file.

Game seed: 11603688094853637726

1553138 Sergey the Sensei (level 27, 157/198 HPs)
             Began as a Vine Stalker Warper on Nov 14, 2023.
             Was a High Priest of Trog.
             Escaped with the Orb
             ... and 3 runes!
             The game lasted 03:39:58 (79426 turns).

Sergey the Sensei (Vine Stalker Warper)            Turns: 79426, Time: 03:39:59

Health: 157/198    AC: 34    Str: 21    XL:     27
Magic:  47/47      EV: 29    Int: 13    God:    Trog [*****.]
Gold:   5633       SH: 23    Dex: 16    Spells: 44/46 levels left

rFire   + +          .
                       - Unarmed
rCold   + . .        o - +2 tower shield {rC+}
rNeg    + . .        m - melded +7 plate armour of Duirew {Slay+2}
rPois   ∞            N - +2 hat of the Bear Spirit {Spirit, Bear, *Rage Will++}
rElec   +            r - +2 cloak {Will+}
rCorr   .            n - melded +4 pair of gloves of Hedging {rN+}
SInv    .            I - melded +1 pair of boots {rampage}
Will    +++++        O - amulet of regeneration
Stlth   +            T - ring of the Hare {EV+10}
HPRegen 2.13/turn    J - ring "Tysogg" {rF++ Will+ MP+9 Dex-5, =R}
MPRegen 0.30/turn

%: random rage (20%), guardian spirit
@: statue-form, very slow
A: slow and powerful, torment resistance 1, boosted hp, fangs 3, regeneration 1,
magic shield, antimagic bite, no potion heal 2, screaming 1, subdued magic 1
0: Orb of Zot
}: 3/15 runes: decaying, serpentine, slimy
a: Begin Untransformation, Renounce Religion, Berserk, Trog's Hand, Brothers in
Arms


You escaped.
You worshipped Trog.
Trog was extremely pleased with you.
You were a living statue of rough stone.
You visited 11 branches of the dungeon, and saw 54 of its levels.
You visited 1 bazaar.
You also visited: Gauntlet, Ice Cave and Volcano.

You collected 10532 gold pieces.
You spent 4899 gold pieces at shops.

Inventory:

Hand Weapons
 w - a +4 demon blade of flaming
Missiles
 h - 4 curare-tipped darts
 j - 11 silver javelins (quivered)
Armour
 m - the +7 plate armour of Duirew (melded) {Slay+2}
   (You bought it in a shop on level 2 of the Orcish Mines)

   Slay+2:    It affects your accuracy & damage with ranged weapons and melee
   (+2).
 n - the +4 pair of gloves of Hedging (melded) {rN+}
   (You bought it in a shop on level 15 of the Dungeon)

   rN+:       It protects you from negative energy.
 o - a +2 tower shield of cold resistance (worn)
 r - a +2 cloak of willpower (worn)
 I - a +1 pair of boots of rampaging (melded)
 K - a +3 buckler of protection
 N - the +2 hat of the Bear Spirit (worn) {Spirit, Bear, *Rage Will++}
   (You found it on level 9 of the Dungeon)

   Bear:      Going berserk makes the wearer exceptionally tough, and they are
   slowed for a shorter time afterward.
   Will++:    It greatly increases your willpower.
   *Rage:     It berserks you when you make melee attacks (+20% chance).
Jewellery
 b - a +5 ring of evasion
 F - the ring of Yhyadado {rElec rC+ rCorr Dex+2}
   (You took it off an arcanist on level 4 of the Vaults)

   [ring of protection from cold]

   Dex+2:     It affects your dexterity (+2).
   rC+:       It protects you from cold.
   rElec:     It insulates you from electricity.
   rCorr:     It protects you from acid and corrosion.
 J - the ring "Tysogg" (right fist) {rF++ Will+ MP+9 Dex-5, =R}
   (You found it in a Gauntlet)

   [ring of magical power]

   Dex-5:     It affects your dexterity (-5).
   rF++:      It greatly protects you from fire.
   Will+:     It increases your willpower.
   MP+9:      It affects your magic capacity (+9).
 L - the ring of Descent {rPois rF+ rN+ rCorr Stlth+}
   (You bought it in a shop on level 2 of the Orcish Mines)

   [ring of protection from fire]

   rF+:       It protects you from fire.
   rPois:     It protects you from poison rN+: It protects you from negative
   energy.
   rCorr:     It protects you from acid and corrosion.
   Stlth+:    It makes you more stealthy.
 O - an amulet of regeneration (around neck)
 T - the ring of the Hare (left fist) {EV+10}
   (You found it on level 3 of the Crypt)

   [ring of evasion]

   EV+10:     It affects your evasion (+10).
Talismans
 u - a granite talisman (active)
 G - a dragon-blood talisman
Wands
 c - a wand of acid (16)
 i - a wand of iceblast (30)
 t - a wand of mindburst (49)
 v - a wand of digging (14)
 P - a wand of paralysis (47)
 Y - a wand of polymorph (13)
Scrolls
 a - 5 scrolls of enchant weapon
 d - a scroll of torment
 l - 10 scrolls of teleportation {@r3}
 y - 6 scrolls of enchant armour
 z - 6 scrolls of immolation
 D - 11 scrolls of vulnerability {!r}
 E - 6 scrolls of blinking {@r4}
 V - 3 scrolls of poison
 Z - 2 scrolls of silence {!r}
Potions
 e - 4 potions of berserk rage
 f - 3 potions of might {@q3}
 g - 2 potions of magic
 k - a potion of invisibility
 p - 2 potions of enlightenment
 s - 3 potions of resistance
 x - 29 potions of curing {@q2}
 M - 5 potions of lignification
 Q - a potion of haste {@q5}
 U - 2 potions of cancellation
 W - 5 potions of mutation
Miscellaneous
 q - a phial of floods
 B - a tin of tremorstones (2/2)
 C - a sack of spiders (inert)
 R - a lightning rod (inert)
 S - a phantom mirror (inert)


   Skills:
 + Level 18.3 Fighting
 - Level 6.0(9.4) Short Blades
 - Level 11.3(12.0) Long Blades
 - Level 2.0 Throwing
 - Level 8.0 Armour
 - Level 14.3 Dodging
 - Level 5.9 Stealth
 + Level 18.3 Shields
 - Level 22.0 Unarmed Combat
 - Level 10.4 Spellcasting
 - Level 3.0 Translocations
 - Level 12.5 Evocations
 - Level 17.9 Shapeshifting


You had 44 spell levels left.
You knew the following spells:

 Your Spells              Type           Power      Damage    Failure   Level
e - Blink                 Tloc           22%        N/A       8%          2

Your spell library contained the following spells:

 Spells                   Type           Power      Damage    Failure   Level
 Lesser Beckoning         Tloc           22%        N/A       8%          2
 Teleport Other           Tloc           11%        N/A       16%         3
 Manifold Assault         Tloc           11%        N/A       50%         4
 Vhi's Electric Charge    Tloc/Air       16%        N/A       71%         4


Dungeon Overview and Level Annotations

Branches:
Dungeon (15/15)            Temple (0/1) D:7            Lair (5/5) D:8
  Swamp (4/4) Lair:2        Snake (4/4) Lair:2        Slime (5/5) Lair:5
    Orc (2/2) D:9             Elf (3/3) Orc:2        Vaults (4/5) D:14
  Crypt (3/3) Vaults:3       Tomb (0/3) Crypt:3      Depths (4/4) D:15
    Zot (5/5) Depths:4      IceCv (visited)         Volcano (visited)
Gauntlet (visited)

Altars:
Ashenzari
Dithmenos
Elyvilon
Hepliaklqana
Kikubaaqudgha
Makhleb
Nemelex Xobeh
Okawaru
Qazlal
Ru
Sif Muna
Trog
Uskayaw
Vehumet
Wu Jian
Xom
Yredelemnul
The Shining One
Jiyva

Shops:
D:12 (   D:15 =[*   Orc:2 *==!   Snake:3 (   Depths:1 (   Depths:4 (!=

Portals:
Hell: Depths:1 Depths:2 Depths:3 Depths:4
Abyss: Depths:3
Pandemonium: Depths:2
Ziggurat: Depths:3

Annotations:
D:1 exclusion: downstairs
D:4 1 transporter, exclusions: downstairs and upstairs
D:5 exclusion: upstairs
D:6 VAULT
D:7 exclusion: 2 downstairs
D:9 1 runed translucent door, exclusion: door
D:12 exclusion: manticore
Lair:1 exclusion: downstairs
Lair:4 exclusions: downstairs and hydra
Swamp:1 exclusion: downstairs
Swamp:2 1 runed translucent door, exclusion: downstairs, Silenth's ghost, adept KoHu
Snake:1 6 transporters
Snake:3 1 runed translucent door, Sovam's ghost, adept TeSu
Elf:2 3 runed translucent doors
Crypt:2 2 transporters
Zot:2 exclusion: downstairs
Zot:3 exclusion: 2 downstairs


Innate Abilities, Weirdness & Mutations

You are a living statue of rough stone.
Your actions are slow, but your melee attacks are powerful.
You are resistant to unholy torment.
Your maximum health is greatly increased.
Your equipment is partially melded.
You are immune to poison.
You have razor-sharp teeth.
Your natural rate of healing is unusually fast.
When hurt, damage is shared between your health and your magic reserves.
Your bite disrupts and absorbs the magic of your enemies.
Potions cannot restore your health.
You occasionally shout uncontrollably at your foes.
Your spells are a little easier to cast, but a little less powerful.


Message History

You block the Executioner's attack. x2
Aiming: Corrosive Bolt
Press: ? - help, Shift-Dir - straight line, f/p - Executioner
Aim: an Executioner (severely wounded, fast, 60% to hit)
The bolt of acid hits the Executioner!!
The acid corrodes the Executioner!
You kill the Executioner!
Trog accepts your kill.
The bolt of acid hits the large abomination!
The large abomination is moderately damaged.
Your life force feels restored.
Aiming: Corrosive Bolt
Press: ? - help, Shift-Dir - straight line, f - large abomination
Aim: a large abomination (moderately damaged, 89% to hit)
The bolt of acid hits the large abomination!!
You destroy the large abomination!
Trog accepts your kill.
Things that are here:
a +0 leather armour; a +0 club; an orc skeleton
There is a stone staircase leading up here.
You climb upwards.
HP restored.
There is a stone staircase leading down here.
There is a stone staircase leading up here.
You climb upwards.
Level annotation: exclusion: downstairs
There is a stone staircase leading down here.
There is a staircase leading out of the dungeon here.
You begin transforming.
You continue transforming.
Magic restored.
You continue transforming. x2
You turn into a living statue of rough stone.
The +4 pair of gloves of Hedging {rN+} melds into your body.
Your +1 pair of boots of rampaging melds into your body.
The +7 plate armour of Duirew {Slay+2} melds into your body.
You no longer feel able to rampage towards enemies.
Unknown command.
Unknown command.
Unknown command.
Unknown command.
Unknown command.
You have escaped!

.# #...###............#####.# .#
#...# ###.......##.#####.##
.#########.#########..####.##....#.
###........##...........##.##.#####
.......####...#.....#.#.##.##.####.
.##.##.# #.#.#.....#.........##.#.
....##.####.#.#.....#.#......##....
.##...........#.....#.##########.##
.##...........#..8..#...# ###
....##.###..#.#.....#.#.# .......#
#....#.....#.#.# ....####
#.##.#.....#.#.# ###.#
###.##.#.....#.#.# #.#
#..>...........#.# #.#
#.....###........# ##.## #.....#
##.##.##.# #...# #.....# #)##.##.#


There were no monsters in sight!

Vanquished Creatures
  the Royal Jelly (Slime:5)
  A dread lich (Crypt:2)
  2 orbs of fire (Zot:5)
  9 ancient liches
  Sojobo (Depths:1)
  Vv (Zot:1)
  Bai Suzhen (Snake:3)
  Frederick (Vaults:4)
  Saint Roka (Vaults:1)
  3 Killer Klowns (Zot:5)
  A curse toe (Zot:3)
  11 golden dragons
  A bone dragon (Crypt:3)
  2 electric golems (Zot:5)
  A shard shrike zombie (Crypt:2)
  A Hell Sentinel (Zot:5)
  26 Orb Guardians
  Asterion (Vaults:1)
  5 liches
  14 tentacled monstrosities
  2 deep elf blademasters (Elf:3)
  12 quicksilver dragons
  A walking frostbound tome (Depths:2)
  11 death cobs
  2 ancient champions
  A shard shrike skeleton (Crypt:3)
  Agnes (Vaults:1)
  2 deep elf master archers (Elf:3)
  4 sphinxes
  5 acid blobs
  An Executioner (D:3)
  4 thorn hunters
  3 tengu reavers
  15 shadow dragons
  7 azure jellies
  7 draconian monks
  3 nagarajas (Snake:4)
  9 rockslimes
  Donald (Swamp:2)
  A fenstrider witch (Swamp:4)
  13 storm dragons
  Aizul (Vaults:4)
  6 frost giants
  3 draconian knights
  Louise (Snake:3)
  An iron dragon (Depths:3)
  3 deep elf sorcerers (Elf:3)
  3 ghost moths
  6 draconian scorchers
  8 fire giants
  3 draconian stormcallers
  8 deep elf elementalists (Elf:3)
  8 ghouls
  A curse skull (Crypt:1)
  3 draconian shifters
  A reaper (Crypt:2)
  4 spriggan defenders
  8 vault wardens
  7 draconian annihilators
  5 war gargoyles
  2 orc warlords (Vaults:4)
  13 ironbound preservers
  6 quicksilver oozes (Slime:5)
  A caustic shrike skeleton (Crypt:3)
  8 stone giants
  3 ironbound thunderhulks
  16 very ugly things
  7 formless jellyfish
  6 vampire knights
  15 green draconians
  2 lorocyprocas
  11 dire elephants
  8 white draconians
  13 black draconians
  2 deep elf demonologists (Elf:3)
  4 yellow draconians
  10 eleionomae
  6 purple draconians
  A minotaur (Gauntlet)
  7 deep elf annihilators (Elf:3)
  6 spark wasps
  15 red draconians
  6 bunyips
  2 eidola
  12 deep elf death magi
  5 crystal guardians
  9 ettins
  The ghost of KuroJack the Spry, a journeyman FeSh of Gozag (D:12)
  13 fire dragons
  10 jiangshi
  3 deep elf high priests
  2 shambling mangroves
  9 yaktaur captains
  An entropy weaver (Vaults:4)
  A spriggan zombie (Crypt:3)
  7 ice dragons
  5 great orbs of eyes
  A quicksilver dragon zombie (Depths:1)
  2 ghost crabs
  3 peacekeepers
  2 vault guards (Vaults:2)
  4 spriggan air magi
  Erolcha (Orc:1)
  An ogre mage (D:14)
  6 rakshasas
  4 salamander tyrants (Snake:4)
  8 ironbound frosthearts
  12 anacondas
  30 hydras
  2 spriggan skeletons (Crypt:3)
  5 two-headed ogres
  Erica (Orc:1)
  9 centaur warriors
  14 alligators
  3 catoblepae (Lair:5)
  10 naga warriors
  4 boulder beetles
  7 deep troll shamans
  3 death knights
  19 dancing weapons
  19 death yaks
  4 deep troll earth magi
  An occultist (Depths:2)
  7 vampire magi
  6 naga sharpshooters
  6 hell knights (Crypt:3)
  9 shock serpents
  8 spriggan berserkers
  13 tengu warriors
  26 spriggans
  A soul eater (Depths:2)
  9 sun demons (Depths:1)
  3 deep elf knights
  A skyshark (Lair:5)
  6 iron trolls
  A death drake (Depths:4)
  2 golden dragon zombies (Depths:2)
  4 salamander mystics (Snake:4)
  12 skeletal warriors
  44 deep trolls
  A quicksilver dragon simulacrum (Depths:2)
  A deep troll (shapeshifter) (D:14)
  6 spriggan druids
  2 goliath frogs
  5 flayed ghosts
  14 swamp dragons
  17 lindwurms
  2 spriggan simulacra (IceCv)
  10 bog bodies
  4 glowing orange brains
  9 ironbound convokers
  Pikel (D:4)
  9 arcanists
  An obsidian statue (IceCv)
  7 orc knights
  9 deep elf archers
  A jorogumo zombie (Crypt:1)
  3 naga ritualists (Snake:2)
  10 necromancers
  24 deep elf pyromancers
  The ghost of YxngMxddx the Cleaver, a novice MiBe of Trog (D:6)
  8 harpies
  10 mana vipers
  19 deep elf zephyrmancers
  A phantasmal warrior (Crypt:1)
  12 salamanders
  4 shining eyes
  3 cyclopes
  2 orc sorcerers
  A will-o-the-wisp (Swamp:4)
  3 tengu skeletons
  11 manticores
  38 ugly things
  A manticore (shapeshifter) (Vaults:4)
  21 moths of wrath
  A jorogumo skeleton (Crypt:1)
  An alligator snapping turtle zombie (Crypt:3)
  12 elephants
  2 centaur zombies (Crypt:3)
  A stone giant skeleton (Crypt:1)
  12 naga magi
  12 vault sentinels
  31 black mambas
  3 gargoyles
  7 eyes of devastation
  6 guardian serpents
  8 cane toads
  A torpor snail (shapeshifter) (Depths:2)
  A smoke demon (Depths:2)
  An unseen horror (D:13)
  A death yak zombie (Crypt:1)
  A swamp worm zombie (Crypt:2)
  28 freezing wraiths
  2 kobold demonologists
  2 efreet
  An ice devil (IceCv)
  3 rime drakes
  A hellion (Depths:1)
  16 yaktaurs
  2 anaconda simulacra (IceCv)
  7 komodo dragons
  10 tengu conjurers
  A golden dragon simulacrum (IceCv)
  13 tyrant leeches
  A bloated husk (Swamp:1)
  A wind drake (shapeshifter) (Elf:3)
  6 trolls
  A polar bear (Lair:5)
  A hydra zombie (Crypt:3)
  22 hornets
  Grinder (D:6)
  2 blink frogs (shapeshifter)
  16 blink frogs
  An ettin zombie (Crypt:3)
  3 alligator simulacra (IceCv)
  93 slime creatures
  A glass eye (Slime:5)
  A frost giant simulacrum (Depths:1)
  A large abomination (D:3)
  An air elemental (Elf:3)
  29 flying skulls (Crypt:3)
  An ettin skeleton (Crypt:3)
  4 water elementals
  4 wraiths
  2 fire elementals
  A wyvern (Elf:3)
  67 yaks
  3 dire elephant simulacra (IceCv)
  2 basilisks
  A black mamba skeleton (Crypt:2)
  6 fire bats
  5 golden eyes (Slime:5)
  A minotaur simulacrum (IceCv)
  9 vampire mosquitoes
  A chaos spawn (Depths:3)
  3 harpy simulacra (IceCv)
  24 nagas
  4 acid dragons
  Edmund (D:4)
  12 swamp worms
  3 wargs
  5 hell hounds (Elf:3)
  9 water moccasins
  A hydra simulacrum (IceCv)
  2 ice beasts (D:7)
  4 sky beasts
  27 orc warriors
  7 swamp drakes
  3 black bears
  2 ettin simulacra
  15 wolves
  5 ogres
  5 boggarts (D:14)
  23 centaurs
  A hog zombie (Crypt:2)
  2 lemures (D:4)
  A phantom (D:6)
  A torpor snail zombie (Crypt:2)
  2 kobold brigands
  3 necrophages (Crypt:3)
  2 deep troll simulacra (IceCv)
  6 gnoll sergeants
  4 scorpions
  A glowing shapeshifter simulacrum (Depths:1)
  9 bullfrogs
  A water moccasin zombie (Crypt:2)
  8 wights
  A cyclops skeleton (Crypt:1)
  2 lindwurm simulacra (IceCv)
  A yak skeleton (Crypt:2)
  7 killer bees (D:9)
  9 howler monkeys
  An electric eel (Elf:3)
  A jelly (D:6)
  5 hounds
  A gnoll bouda (D:6)
  A human zombie (Crypt:1)
  20 orc priests
  2 sleepcaps
  A basilisk skeleton (Crypt:1)
  6 iguanas
  A scorpion zombie (Crypt:1)
  20 orc wizards
  26 gnolls
  9 adders
  2 shadow imps
  2 white imps
  4 ufetubi (D:6)
  A worm zombie (Crypt:1)
  A worm (D:2)
  2 dart slugs
  67 orcs
  5 ball pythons
  7 endoplasms
  2 giant cockroaches (D:3)
  4 goblins
  6 hobgoblins
  3 jackals (D:4)
  4 quokkas
  4 bats
  An endoplasm zombie (Crypt:2)
  3 frilled lizards
  A goblin skeleton (Crypt:2)
  16 kobolds
  3 rats
2044 creatures vanquished.

Vanquished Creatures (collateral kills)
  A tentacled monstrosity (Swamp:3)
  An Orb Guardian (Zot:5)
  3 acid blobs
  A fenstrider witch (Swamp:1)
  4 azure jellies
  4 rockslimes
  A balrug (Zot:5)
  A demonspawn blood saint (Zot:5)
  A ghoul (Swamp:1)
  2 quicksilver oozes
  An orc warlord (Vaults:3)
  A very ugly thing (Vaults:4)
  An eleionoma (Swamp:3)
  A stone giant (Vaults:4)
  An ettin (Orc:1)
  3 jiangshi
  An ice dragon (Depths:3)
  3 great orbs of eyes
  An ironbound frostheart (Vaults:3)
  A centaur warrior (Orc:2)
  An alligator (Swamp:3)
  2 spriggan berserkers
  A deep troll earth mage (Depths:3)
  A skeletal warrior (Crypt:3)
  A spriggan druid (Swamp:3)
  An iron troll (Depths:1)
  A goliath frog (Swamp:1)
  A bog body (Swamp:1)
  A swamp dragon (Swamp:3)
  2 ironbound convokers (Vaults:3)
  A salamander (Snake:2)
  A shining eye (Slime:2)
  An ugly thing (Vaults:2)
  2 slime creatures (Slime:2)
  A naga mage (Snake:4)
  A komodo dragon (Lair:5)
  A merfolk (shapeshifter) (Vaults:4)
  2 nagas (Snake:4)
  A water moccasin (Lair:5)
  4 orc warriors (Orc:2)
  An ogre (Orc:1)
  A necrophage (Swamp:1)
  2 orcs (Orc:1)
64 creatures vanquished.

Vanquished Creatures (others)
  A black draconian (Zot:1)
  A dancing weapon (Elf:3)
  A goliath frog (Swamp:2)
  A spriggan druid (Swamp:4)
  A deep elf pyromancer (Elf:1)
  3 bloated husks
  A hornet (Swamp:2)
  2 foxfires (Swamp:4)
11 creatures vanquished.

Grand Total: 2119 creatures vanquished

Notes
Turn   | Place    | Note
-------+----------+-------------------------------------------
     0 | D:1      | Sergey the Vine Stalker Warper began the quest for the Orb.
     0 | D:1      | Reached XP level 1. HP: 11/11 MP: 4/4
   815 | D:1      | Reached skill level 1 in Stealth
  1243 | D:1      | Reached XP level 2. HP: 15/15 MP: 4/6
  1264 | D:1      | Learned a level 2 spell: Blink
  5218 | D:2      | Reached XP level 3. HP: 18/18 MP: 7/7
  5441 | D:2      | Found a faded altar of an unknown god.
  5991 | D:2      | Reached skill level 1 in Evocations
  6536 | D:3      | Reached XP level 4. HP: 23/23 MP: 8/8
  7640 | D:3      | Found an ancient bone altar of Kikubaaqudgha.
  8611 | D:4      | Noticed a scorpion
  8614 | D:4      | Killed a scorpion
  8615 | D:4      | Reached XP level 5. HP: 26/26 MP: 9/9
  8691 | D:4      | Noticed Edmund
  8887 | D:4      | Found a transporter.
  8891 | D:4      | Noticed a kobold demonologist
  8900 | D:4      | Found a transporter.
  9101 | D:4      | Found a bloodstained altar of Trog.
  9113 | D:4      | Became a worshipper of Trog the Wrathful
  9739 | D:4      | Noticed a sky beast
  9779 | D:5      | Entered Level 5 of the Dungeon
  9848 | D:4      | Reached XP level 6. HP: 29/30 MP: 10/10
 10295 | D:3      | Found a shimmering altar of Xom.
 10295 | D:3      | Found a basalt altar of Yredelemnul.
 10380 | D:5      | Found a broken altar of Ashenzari.
 11184 | D:5      | Reached XP level 7. HP: 37/37 MP: 11/11
 11300 | D:6      | Noticed a troll
 11329 | D:6      | Killed a troll
 11345 | D:6      | Noticed YxngMxddx's ghost (novice MiBe)
 11346 | D:6      | Found a runed translucent door.
 11494 | D:6      | Found an ornate altar of the Wu Jian Council.
 11496 | D:6      | Found a sparkling altar of Nemelex Xobeh.
 11724 | D:6      | Found a glowing golden altar of the Shining One.
 11739 | D:6      | Reached skill level 5 in Fighting
 11739 | D:6      | Gained mutation: You have razor-sharp teeth. [Vine Stalker
                  | growth]
 11739 | D:6      | Reached XP level 8. HP: 35/43 MP: 10/12
 11989 | D:6      | Noticed Grinder
 12559 | D:4      | Noticed Pikel
 12664 | D:6      | Reached skill level 5 in Stealth
 13151 | D:3      | Reached * piety under Trog
 13563 | D:4      | Found a stormy altar of Qazlal.
 13762 | D:4      | Killed Edmund
 14120 | D:7      | Reached skill level 5 in Short Blades
 14129 | D:7      | Reached XP level 9. HP: 43/50 MP: 11/13
 14153 | D:6      | Reached skill level 5 in Evocations
 14557 | D:7      | Found a staircase to the Ecumenical Temple.
 15017 | D:8      | Noticed a death yak
 15017 | D:8      | Noticed a death yak
 15045 | D:8      | Noticed a death yak
 15082 | D:8      | Found a hazy altar of Hepliaklqana.
 15559 | D:8      | Noticed a death yak
 15754 | D:8      | Found a staircase to the Lair.
 15826 | D:8      | Reached skill level 1 in Long Blades
 15870 | D:9      | Noticed a komodo dragon
 15995 | D:9      | Found a staircase to the Orcish Mines.
 15997 | D:9      | Found a transporter.
 16057 | D:9      | Reached skill level 1 in Throwing
 16057 | D:9      | Reached XP level 10. HP: 49/56 MP: 10/14
 16186 | D:9      | Found a runed translucent door.
 16186 | D:9      | Noticed a four-headed hydra
 16374 | D:9      | Found a radiant altar of Vehumet.
 16395 | D:9      | Found a white marble altar of Elyvilon.
 16695 | D:9      | Noticed a kobold demonologist
 16793 | D:9      | Found a transporter.
 16793 | D:9      | Found the +2 hat of the Bear Spirit {Spirit, Bear, *Rage
                  | Will++}
 16885 | D:9      | Found a shimmering blue altar of Sif Muna.
 16885 | D:9      | Found a shadowy altar of Dithmenos.
 17597 | D:7      | Reached skill level 1 in Armour
 17816 | D:4      | Killed Pikel
 18026 | D:6      | Killed Grinder
 18126 | D:6      | You fall into a shaft and drop 1 floor!
 18268 | D:6      | Reached skill level 5 in Long Blades
 18617 | D:6      | Reached ** piety under Trog
 18688 | D:6      | Noticed a two-headed ogre
 18868 | D:10     | Entered Level 10 of the Dungeon
 18882 | D:10     | Noticed a two-headed ogre
 18982 | D:10     | Found a sacrificial altar of Ru.
 19038 | D:10     | Killed a two-headed ogre
 19039 | D:10     | Reached XP level 11. HP: 60/60 MP: 15/15
 19296 | D:10     | Reached skill level 5 in Armour
 19341 | D:10     | Found a burning altar of Makhleb.
 19811 | D:11     | Identified the of Ysazoac
 20009 | D:11     | Reached skill level 5 in Dodging
 21429 | D:11     | Noticed a manticore
 21448 | D:11     | Killed a manticore
 21509 | D:11     | Found the sphere of Battle
 21904 | D:12     | Noticed a manticore
 21973 | D:12     | Noticed a manticore
 21975 | D:12     | Noticed a cyclops
 22787 | D:8      | Killed a death yak
 22788 | D:8      | Reached skill level 10 in Fighting
 22795 | D:8      | Killed a death yak
 22796 | D:8      | Reached XP level 12. HP: 68/68 MP: 14/16
 22899 | D:7      | Killed a death yak
 23180 | D:8      | Killed a death yak
 23244 | Lair:1   | Entered Level 1 of the Lair of Beasts
 24509 | Lair:2   | Found a dark tunnel.
 24579 | Volcano  | Entered a volcano
 24657 | Volcano  | Noticed an ogre mage
 25003 | Lair:2   | Noticed a five-headed hydra
 25155 | Lair:2   | Found a staircase to the Swamp.
 25271 | Lair:3   | Noticed a death yak
 25271 | Lair:3   | Noticed a death yak
 25271 | Lair:3   | Noticed a death yak
 25271 | Lair:3   | Noticed a death yak
 25271 | Lair:3   | Noticed a death yak
 25293 | Lair:1   | Killed a death yak
 25354 | Lair:1   | Killed a death yak
 25583 | Lair:2   | Reached XP level 13. HP: 67/75 MP: 9/17
 25751 | Lair:3   | Reached *** piety under Trog
 27903 | Lair:5   | Entered Level 5 of the Lair of Beasts
 28104 | Lair:5   | Reached XP level 14. HP: 82/82 MP: 18/18
 28179 | Lair:5   | Reached **** piety under Trog
 28497 | Lair:5   | Found a staircase to the Slime Pits.
 28497 | Lair:5   | Found a viscous altar of Jiyva.
 30176 | Lair:2   | Found a staircase to the Snake Pit.
 30603 | D:9      | Identified the +9 shortbow of Wariness {drain, rN+ Str+2}
 30982 | D:12     | Found Jely's Weapon Boutique.
 31257 | D:12     | Found a runed translucent gate.
 31375 | D:12     | Found a runed translucent gate.
 31375 | D:12     | Noticed KuroJack's ghost (journeyman FeSh)
 31376 | D:12     | Found a runed translucent gate.
 31802 | Orc:1    | Entered Level 1 of the Orcish Mines
 31968 | Orc:1    | Noticed Erica
 31991 | Orc:1    | Killed Erica
 32112 | Orc:2    | Entered Level 2 of the Orcish Mines
 32112 | Orc:2    | Found a staircase to the Elven Halls.
 32117 | Orc:2    | Noticed Erolcha
 32129 | Orc:1    | Killed Erolcha
 32501 | Orc:2    | Reached skill level 10 in Dodging
 32528 | Orc:2    | Reached ***** piety under Trog
 32644 | Orc:2    | Reached skill level 1 in Shields
 32822 | Orc:2    | Reached XP level 15. HP: 51/88 MP: 13/19
 33300 | Orc:2    | Found Pusajakk's Jewellery Emporium.
 33300 | Orc:2    | Found Taxzuh's Jewellery Shop.
 33302 | Orc:2    | Found Utuuc's Distillery.
 33304 | Orc:2    | Found Ralewn's General Store.
 33311 | Orc:2    | Bought a potion of might for 56 gold pieces
 33311 | Orc:2    | Bought a potion of cancellation for 112 gold pieces
 33311 | Orc:2    | Bought 2 potions of magic for 224 gold pieces
 33311 | Orc:2    | Bought a potion of cancellation for 112 gold pieces
 33316 | Orc:2    | Bought the +7 plate armour of Duirew {Slay+2} for 880 gold
                  | pieces
 33316 | Orc:2    | Bought a potion of resistance for 120 gold pieces
 33316 | Orc:2    | Bought a scroll of identify for 24 gold pieces
 33852 | D:13     | Found a gate leading to a gauntlet.
 33874 | Gauntlet | Entered a Gauntlet
 33874 | Gauntlet | Found a runed translucent gate.
 33874 | Gauntlet | Found a transporter.
 33874 | Gauntlet | Found a transporter.
 33874 | Gauntlet | Found a transporter.
 33876 | Gauntlet | Found a runed translucent gate.
 33877 | Gauntlet | Found a runed translucent gate.
 33885 | Gauntlet | Found a transporter.
 33888 | Gauntlet | Found a transporter.
 33899 | Gauntlet | Found a transporter.
 33904 | Gauntlet | Found a transporter.
 33907 | Gauntlet | Found a transporter.
 33925 | Gauntlet | Found a transporter.
 33942 | Gauntlet | Found a transporter.
 33945 | Gauntlet | Found a transporter.
 33960 | Gauntlet | Found a transporter.
 34290 | Gauntlet | Identified the ring "Tysogg" {rF++ Will+ MP+9 Dex-5}
 34870 | D:13     | Reached skill level 5 in Shields
 35735 | D:6      | Reached skill level 10 in Evocations
 35901 | D:6      | Killed YxngMxddx's ghost
 36073 | Orc:2    | Bought a ring of protection from cold for 425 gold pieces
 36073 | Orc:2    | Bought the ring of Descent {rPois rF+ rN+ rCorr Stlth+} for
                  | 829 gold pieces
 36237 | Snake:1  | Entered Level 1 of the Snake Pit
 36483 | Snake:1  | Found a transporter.
 36487 | Snake:1  | Found a transporter.
 36524 | Snake:1  | Found a transporter.
 37244 | Snake:1  | Found a transporter.
 37250 | Snake:1  | Found a transporter.
 37268 | Snake:1  | Found a transporter.
 37278 | Snake:1  | Reached skill level 10 in Long Blades
 37346 | Snake:1  | Identified the +6 trident of Juoduare {heavy, Int+4}
 38149 | Snake:2  | Reached XP level 16. HP: 93/93 MP: 20/20
 38236 | Snake:2  | Reached skill level 1 in Shapeshifting
 39198 | Snake:2  | Reached skill level 5 in Shapeshifting
 39852 | Snake:3  | Noticed Louise
 39866 | Snake:3  | Killed Louise
 39952 | Snake:3  | Found a runed translucent door.
 39953 | Snake:3  | Noticed Sovam's ghost (adept TeSu)
 39953 | Snake:3  | Found the +5 robe of Night {Dark Will+ SInv}
 40097 | Snake:3  | Found Ruamat's Firing Range.
 40132 | Snake:3  | Found an ancient bone altar of Kikubaaqudgha.
 40378 | Snake:3  | Noticed Bai Suzhen
 40386 | Snake:3  | Killed Bai Suzhen
 40739 | Snake:4  | Entered Level 4 of the Snake Pit
 40788 | Snake:4  | Found a flickering gateway to a bazaar.
 40821 | Bazaar   | Entered a bazaar
 40841 | Bazaar   | Found Atropti's Antique Armour Shop.
 40861 | Bazaar   | Found Jishem's Jewellery Shop.
 41525 | Snake:4  | Noticed a nagaraja
 41541 | Snake:4  | Killed a nagaraja
 41634 | Snake:4  | Noticed a nagaraja
 41642 | Snake:4  | Killed a nagaraja
 41956 | Swamp:1  | Entered Level 1 of the Swamp
 42282 | Swamp:1  | Noticed a fenstrider witch
 42291 | Swamp:1  | Killed a fenstrider witch
 42346 | Swamp:1  | Reached skill level 10 in Shapeshifting
 43097 | Swamp:1  | Reached XP level 17. HP: 80/97 MP: 18/21
 43664 | Swamp:2  | Found a runed translucent door.
 43664 | Swamp:2  | Noticed Silenth's ghost (adept KoHu)
 43825 | Swamp:2  | Noticed Donald
 43832 | Swamp:2  | Killed Donald
 44393 | Swamp:3  | Received a gift from Trog
 44840 | Swamp:3  | Noticed a tentacled monstrosity
 44846 | Swamp:3  | Killed a tentacled monstrosity
 45198 | Swamp:4  | Entered Level 4 of the Swamp
 45710 | D:12     | Killed KuroJack's ghost
 45994 | D:14     | Reached XP level 18. HP: 102/102 MP: 19/22
 46053 | D:14     | Reached skill level 15 in Shapeshifting
 46574 | D:14     | Received a gift from Trog
 46653 | D:14     | Found a gate to the Vaults.
 46970 | D:15     | Entered Level 15 of the Dungeon
 47114 | D:15     | Found Icrees's General Store.
 47307 | Orc:2    | Bought a granite talisman for 960 gold pieces
 47598 | D:15     | Found Igrot's Armour Emporium.
 48168 | D:15     | Found a hide-covered altar of Uskayaw.
 48259 | D:15     | Found Xiofotug's Jewellery Boutique.
 48280 | D:15     | Identified the +1 leather armour of Music {Int+7}
 48407 | D:15     | Found a staircase to the Depths.
 49191 | Snake:4  | Received a gift from Trog
 49356 | Snake:4  | Reached skill level 15 in Fighting
 49717 | Snake:4  | Got a serpentine rune of Zot
 50656 | Swamp:3  | Reached XP level 19. HP: 109/109 MP: 23/23
 51065 | Swamp:4  | Got a decaying rune of Zot
 51244 | Vaults:5 | Identified the of Voerof
 51244 | Vaults:5 | Identified the "Giskuel"
 51244 | Crypt:3  | Identified the "Jennaefust"
 51244 | Elf:1    | Entered Level 1 of the Elven Halls
 51433 | Elf:1    | Found a frozen archway.
 51449 | IceCv    | Entered an ice cave
 52042 | IceCv    | Identified the +0 pair of boots of Inference {rN+}
 52061 | IceCv    | Found an ancient bone altar of Kikubaaqudgha.
 52722 | IceCv    | Reached skill level 5 in Spellcasting
 53965 | Elf:2    | Identified the +4 ring mail of the Apothecary {Harm rPois}
 54044 | Elf:2    | Found a runed translucent gate.
 54045 | Elf:2    | Found a runed translucent gate.
 54045 | Elf:2    | Found a runed translucent gate.
 54204 | Elf:3    | Identified the "Xoplix"
 54204 | Elf:3    | Entered Level 3 of the Elven Halls
 54617 | Elf:3    | Reached XP level 20. HP: 114/114 MP: 31/31
 55100 | Elf:3    | Reached skill level 10 in Shields
 56221 | Elf:3    | Identified the +4 battleaxe "Arcanum" {drain, rElec rCorr}
 56886 | Elf:3    | Identified the +1 plate armour of Calculation {Int+3}
 57357 | Elf:3    | Identified the +6 sling "Vamosm" {freeze, rC- rN+ Will+}
 57706 | Vaults:1 | Entered Level 1 of the Vaults
 57795 | Vaults:1 | Found the +4 consecrated labrys {holy, Valiant Fragile Fly
                  | SInv}
 57894 | Vaults:1 | Reached skill level 1 in Unarmed Combat
 57990 | Vaults:1 | Identified the +0 leather armour of the Albatross {Stlth+}
 58039 | Vaults:1 | Noticed Agnes
 58044 | Vaults:1 | Reached skill level 2 in Unarmed Combat
 58044 | Vaults:1 | Noticed Asterion
 58055 | Vaults:1 | Killed Asterion
 58103 | Vaults:1 | Reached skill level 3 in Unarmed Combat
 58160 | Vaults:1 | Reached skill level 4 in Unarmed Combat
 58180 | Vaults:1 | Reached skill level 5 in Unarmed Combat
 58432 | Vaults:1 | Killed Agnes
 58549 | Vaults:1 | Reached skill level 6 in Unarmed Combat
 58615 | Vaults:1 | Noticed Saint Roka
 58642 | Vaults:1 | Killed Saint Roka
 58657 | Vaults:1 | Reached skill level 7 in Unarmed Combat
 58815 | Vaults:1 | Reached XP level 21. HP: 119/119 MP: 34/34
 59168 | Vaults:2 | Reached skill level 8 in Unarmed Combat
 59307 | Vaults:2 | Reached skill level 9 in Unarmed Combat
 59744 | Vaults:2 | Reached skill level 10 in Unarmed Combat
 59897 | Vaults:2 | Reached skill level 11 in Unarmed Combat
 60337 | Vaults:3 | Received a gift from Trog
 60381 | Vaults:3 | Identified the storm talisman of Zafetof {rF+ rC- Int-2
                  | Dex+5}
 60525 | Vaults:3 | Reached skill level 12 in Unarmed Combat
 60940 | D:15     | Bought the +4 pair of gloves of Hedging {rN+} for 571 gold
                  | pieces
 60940 | D:15     | Bought a scroll of summoning for 152 gold pieces
 60940 | D:15     | Bought a +2 cloak of willpower for 344 gold pieces
 61501 | Vaults:3 | Found a staircase to the Crypt.
 61506 | Vaults:3 | Reached skill level 13 in Unarmed Combat
 61890 | Vaults:4 | Identified the ring of Yhyadado {rElec rC+ rCorr Dex+2}
 61917 | Vaults:4 | Identified the +7 whip "Asieguust" {flame, Dex+2 SInv}
 61925 | Vaults:4 | Identified the +1 robe "Zojouk" {Str+6 Int-2}
 61961 | Vaults:4 | Reached XP level 22. HP: 124/124 MP: 36/36
 62045 | Vaults:4 | Reached skill level 14 in Unarmed Combat
 62045 | Vaults:4 | Identified the serpent talisman of the Kappa {rF+ rN+
                  | Slay-6}
 62045 | Vaults:4 | Noticed Aizul
 62053 | Vaults:4 | Killed Aizul
 62373 | Vaults:4 | Reached skill level 10 in Spellcasting
 62860 | Vaults:4 | Noticed Frederick
 62873 | Vaults:4 | Killed Frederick
 63227 | Depths:1 | Entered Level 1 of the Depths
 63267 | Depths:1 | HP: 7/161 [iron troll (25)]
 63283 | Depths:1 | Reached skill level 15 in Unarmed Combat
 63433 | Depths:1 | Found a gateway to Hell.
 63676 | Depths:1 | Found Ehups's Weapon Shop.
 63846 | Depths:1 | Reached skill level 16 in Unarmed Combat
 64115 | Depths:1 | Identified the +5 orcbow of Pedela {drain, Fragile rC++ rN+
                  | rCorr}
 64462 | Depths:2 | Noticed Sojobo
 64476 | Depths:1 | Killed Sojobo
 64477 | Depths:1 | Reached skill level 17 in Unarmed Combat
 64714 | Depths:2 | Reached XP level 23. HP: 128/128 MP: 38/38
 64872 | Depths:2 | Found a one-way gate leading to the halls of Pandemonium.
 64988 | Depths:2 | Reached skill level 18 in Unarmed Combat
 65271 | Depths:2 | Received a gift from Trog
 66281 | Depths:2 | Identified a scroll of acquirement
 66281 | Depths:2 | Acquired 959 gold pieces
 66443 | Depths:3 | Noticed a golden dragon
 66458 | Depths:3 | Killed a golden dragon
 66566 | Depths:3 | Identified the ring "Ufueviu" {Will+ Str+3}
 66643 | Depths:3 | You fall into a shaft and drop 1 floor!
 66643 | Depths:4 | Entered Level 4 of the Depths
 66991 | Depths:3 | Found a one-way gateway to a ziggurat.
 67044 | Depths:3 | Found a one-way gate to the infinite horrors of the Abyss.
 67118 | Depths:3 | Received a gift from Trog
 67303 | Depths:3 | Identified the staff "Wabb" {Contam rElec rN+++ rCorr Int+2
                  | Air}
 67638 | Depths:3 | Found an iron altar of Okawaru.
 67992 | Depths:4 | Found Toji's Distillery.
 68003 | Depths:4 | Found Nyvuta's Book Shoppe.
 68003 | Depths:4 | Found Ugoaxur's Antique Weapon Emporium.
 68008 | Depths:4 | Bought a potion of berserk rage for 90 gold pieces
 68008 | Depths:4 | Found Lixeguv's Jewellery Shoppe.
 68091 | Depths:4 | Noticed a golden dragon
 68103 | Depths:4 | Killed a golden dragon
 68406 | Depths:4 | Reached XP level 24. HP: 136/136 MP: 38/38
 68609 | Depths:4 | Found a gate to the Realm of Zot.
 68671 | Depths:4 | Received a gift from Trog
 68909 | Depths:4 | Identified the +0 chain mail "Guamulom" {Dex+4}
 69509 | Crypt:1  | Entered Level 1 of the Crypt
 70081 | Crypt:2  | Noticed a dread lich
 70086 | Crypt:2  | Killed a dread lich
 70124 | Crypt:2  | Found a transporter.
 70125 | Crypt:2  | Noticed an ancient lich
 70163 | Crypt:2  | Found a transporter.
 70179 | Crypt:2  | Noticed an ancient lich
 70637 | Crypt:2  | Received a gift from Trog
 70830 | Crypt:3  | Entered Level 3 of the Crypt
 71368 | Crypt:3  | Noticed an ancient lich
 71379 | Crypt:3  | Killed an ancient lich
 71584 | Crypt:3  | Reached XP level 25. HP: 142/142 MP: 38/38
 71802 | Crypt:3  | Found a basalt altar of Yredelemnul.
 71838 | Crypt:3  | Found the ring of the Hare {EV+10}
 71844 | Crypt:3  | Identified the ring "Ameir" {rN+ Str+4}
 71844 | Crypt:3  | Identified the ring "Ryloedah" {rN+ Dex+6}
 72023 | Crypt:3  | Found a staircase to the Tomb.
 72573 | Slime:1  | Entered Level 1 of the Pits of Slime
 72583 | Slime:1  | Reached ****** piety under Trog
 72594 | Slime:1  | Received a gift from Trog
 73157 | Slime:5  | Entered Level 5 of the Pits of Slime
 73164 | Slime:5  | Received a gift from Trog
 73773 | Slime:5  | Noticed the Royal Jelly
 73808 | Slime:5  | Killed the Royal Jelly
 73962 | Slime:5  | Got a slimy rune of Zot
 73975 | Slime:5  | Identified the ring of Ogefety {rElec rCorr}
 74004 | Slime:5  | Identified the +7 war axe "Rayduo Bidu" {freeze, Dex+4}
 74033 | Slime:5  | Identified the +0 broad axe "Carig" {freeze, Fly rC- MP+9
                  | SInv Stlth+}
 74570 | Zot:1    | Entered Level 1 of the Realm of Zot
 74582 | Zot:1    | Noticed Vv
 74601 | Zot:1    | Killed Vv
 74939 | Zot:2    | Reached skill level 15 in Shields
 75295 | Zot:2    | Reached skill level 19 in Unarmed Combat
 75297 | Zot:2    | Gained mutation: Your spells are a little easier to cast,
                  | but a little less powerful. [mutagenic glow]
 75686 | Zot:3    | Reached XP level 26. HP: 147/147 MP: 38/38
 75877 | Zot:3    | Reached skill level 20 in Unarmed Combat
 76915 | Zot:4    | Received a gift from Trog
 76996 | Zot:5    | Entered Level 5 of the Realm of Zot
 77688 | Zot:4    | Reached skill level 21 in Unarmed Combat
 78239 | Zot:5    | Noticed an ancient lich
 78239 | Zot:5    | Noticed an ancient lich
 78257 | Zot:5    | Noticed an orb of fire
 78261 | Zot:5    | Killed an ancient lich
 78262 | Zot:5    | Noticed an orb of fire
 78267 | Zot:5    | Gained mutation: You occasionally shout uncontrollably at
                  | your foes. [an orb of fire]
 78268 | Zot:5    | Killed an orb of fire
 78274 | Zot:5    | Killed an ancient lich
 78290 | Zot:5    | Killed an orb of fire
 78295 | Zot:5    | Noticed an ancient lich
 78300 | Zot:5    | Killed an ancient lich
 78302 | Zot:5    | Noticed an ancient lich
 78305 | Zot:5    | Killed an ancient lich
 78307 | Zot:5    | Noticed an ancient lich
 78307 | Zot:5    | Noticed a Killer Klown
 78307 | Zot:5    | Noticed an ancient lich
 78308 | Zot:5    | Noticed a Killer Klown
 78308 | Zot:5    | Noticed an ancient lich
 78314 | Zot:5    | Killed an ancient lich
 78317 | Zot:5    | Killed an ancient lich
 78322 | Zot:5    | Killed a Killer Klown
 78326 | Zot:5    | Killed an ancient lich
 78327 | Zot:5    | Reached XP level 27. HP: 151/151 MP: 38/38
 78331 | Zot:5    | Noticed an ancient lich
 78336 | Zot:5    | Killed an ancient lich
 78348 | Zot:5    | Reached skill level 22 in Unarmed Combat
 78388 | Zot:5    | Received a gift from Trog
 78844 | Zot:5    | Got the Orb of Zot
 78850 | Zot:5    | Noticed Decke the pandemonium lord
 79205 | D:14     | Noticed Ycov the pandemonium lord
 79426 | D:$      | Escaped with the Orb!

Illustrated notes

Levels and vault maps discovered:
D:1:      minmay_arrival_semitransparent, layout_loops_cross,
          nrook_loot_triangle, minmay_split_cup_large
D:2:      layout_rooms, basic_ecumenical_altar
D:3:      layout_basic, mainiacjoe_overflow_24_doors,
          nicolae_overflow_hidden_temple, feat_on_display
D:4:      gammafunk_wand_slinger, layout_basic,
          nicolae_qazlal_beasts_of_the_sky,
          mainiacjoe_overflow_concentric_impassable, serial_curves,
          eino_curves_02, eino_curves_01, uniq_pikel, uniq_edmund
D:5:      layout_rooms, evilmike_ruin_ashenzari
D:6:      minmay_polygon_palace, layout_loops_ring, tso_altar,
          chequers_temple_overflow_statue_of_worship,
          hellmonk_ghost_happy_afterlife, uniq_grinder
D:7:      layout_cave_pools, temple_pool_b, minmay_manual_mess
D:8:      layout_rooms, mainiacjoe_overflow_cross_hatched, dpeg_lair_monsters
D:9:      gammafunk_cloud_chamber, layout_grid_maze,
          mainiacjoe_overflow_catch_the_wave, jmf_multi_god_temple, orc_0_dummy,
          chequers_serial_rivers_micro_e, minivault_13
D:10:     layout_basic, old_standard_altar, mainiacjoe_overflow_paths
D:11:     layout_rooms, kennysheep_minor_cross,
          hellmonk_guarded_unrand_sphere_of_battle
D:12:     layout_long_grid, serial_shops, nicolae_shop_trees,
          gammafunk_ghost_hydra_chop
D:13:     layout_basic, gauntlet_entry_generic
D:14:     layout_irregular_city, hangedman_vaults_entry_quadrant_bands,
          kennysheep_cross_room, minmay_increasing_density
D:15:     gammafunk_enter_depths_forms, layout_irregular_city, serial_shops,
          nicolae_shop_gaudy_bauble, shop, nicolae_shop_tiny_real_fake_doors,
          eat_drink_and_be_merry_uskayaw
Lair:1:   layout_cave_pods, serial_forest, infiniplex_forest_clump_tiny,
          infiniplex_forest_lined_3_way, infiniplex_forest_end_1,
          infiniplex_forest_lined_room_2, infiniplex_forest_end_2,
          infiniplex_forest_lined_room_2, infiniplex_forest_clump_curved,
          infiniplex_forest_lined_room_2, serial_bayou_lagoon_b,
          infiniplex_staircase_pool_2
Lair:2:   layout_regular_city, minmay_swamp_entry_reptiles,
          nicolae_snake_entry_squirm, nicolae_volcano_entry_vermiform
Lair:3:   layout_long_grid
Lair:4:   wad_woods_04, layout_cave_pods, grunt_forest_small_clearings
Lair:5:   evilmike_catoblepas_cave, layout_regular_city, slime_entry_1
Swamp:1:  layout_basic_swamp, evilmike_swamp_ruin_house_4, swamp_pool_1_2
Swamp:2:  layout_basic_swamp, gammafunk_ghost_grave,
          evilmike_swamp_ruin_rubble_2, swamp_pool_1_2, uniq_donald
Swamp:3:  nzn_winding_woodlands_cross [nzn_winding_woodlands_5x15_twine,
          nzn_winding_woodlands_5x15_crooked,
          nzn_winding_woodlands_5x15_pathside_ponds,
          nzn_winding_woodlands_5x15_garden,
          nzn_winding_woodlands_15x15_killbox], layout_basic_swamp,
          evilmike_swamp_ruin_house_3
Swamp:4:  swamp, layout_basic_swamp, nicolae_swamp_decorative_isthmus
Snake:1:  layout_cave_pods, nicolae_snake_gridmaze_squiggle,
          serial_nicolae_subway, nicolae_sub_station_stone,
          nicolae_sub_station_metal, nicolae_sub_station_crystal,
          serial_bayou_shore_b
Snake:2:  layout_chambers, abandoned_shop, grunt_megastairs_2, lemuel_fruit_tree
Snake:3:  layout_honeycomb, basic_altar, gammafunk_ghost_grave,
          nicolae_shop_firing_range, uniq_bai_suzhen, uniq_louise
Snake:4:  snake_pit_salamanders_mu, layout_cave_town, serial_shops,
          bzr_entry_dummy, grunt_megastairs_4
Slime:1:  layout_caves
Slime:2:  layout_caves
Slime:3:  layout_caves
Slime:4:  layout_caves, cheibrodos_slime_lost_civilization_6
Slime:5:  slime_pit_nicolae_block_by_block
Orc:1:    layout_caves, statue_in_the_mist_lemuel, uniq_erica
Orc:2:    st_orc_rangers, layout_diamond_mine, david_defended_altar_orc,
          uniq_erolcha
Elf:1:    eino_elf_arrival_customs, layout_loops_ring,
          portal_ice_cave_entry_frozen_things, kennysheep_underground_church
Elf:2:    nicolae_elf_blades_crystal_corner, layout_gridlike
Elf:3:    elf_hall, layout_geoelf_castle, special_room
          [special_room_mythical_zoo], hangedman_elven_ridges, moated_statue,
          guppyfry_library_mini
Vaults:1: sword_in_stone, v_rooms_4, vaults_room_hallway,
          nicolae_vaults_double_plus_3, hangedman_vaults_cutoff,
          ontoclasm_vaults_shuriken, nicolae_vaults_closet_pinwheel_5,
          v_pattern_2, v_misc_25, v_misc_2, grunt_vaults_swirl, v_misc_8,
          vaults_room_semicircle, layout_vaults_omnibox, uniq_saint_roka
Vaults:2: v_rooms_1, hangedman_vaults_unwind, vaults_room_pools,
          hangedman_vaults_restitches, nicolae_vaults_trapezoid_lopsided_4,
          hangedman_vaults_trim, vaults_mumra_hex, nicolae_vaults_alarming,
          layout_vaults_big_room
Vaults:3: nicolae_vaults_more_shelving_2, minmay_crypt_entry_simple_corners,
          vaults_room_ringed_pool, dpeg_vaults_monster_box,
          nicolae_vaults_tetromino_Z_1, hangedman_vaults_trim,
          vaults_dpeg_emergency_exit, layout_vaults_omnigrid
Vaults:4: hangedman_vaults_nails, nicolae_vaults_storing_the_good_stuff,
          nicolae_vaults_trapezoid_2, ontoclasm_vaults_tryst,
          nicolae_vaults_closet_pinwheel_2, ontoclasm_vaults_fault,
          dpeg_vaults_monster_row, ontoclasm_vaults_ring_large,
          vaults_room_door_ring, hangedman_vaults_maws, vaults_room_pool,
          v_rooms_3, vaults_room_corners, vaults_dpeg_ring,
          layout_vaults_maze_snakey, uniq_frederick, uniq_aizul
Crypt:1:  layout_gridlike
Crypt:2:  gammafunk_the_bubble [the_bubble_gammafunk_grid], layout_gridlike,
          roderic_lattice_octagonal_star
Crypt:3:  cryptofortress_bobbens
Depths:1: layout_long_grid, serial_shops, nicolae_shop_bloodbath_and_beyond,
          chequers_decorated_corner, nicolae_hell_entry_hellmouth_sunbeams,
          kennysheep_two_boxes, serial_bayou_shore_b
Depths:2: evilmike_horseshoe, layout_basic, grunt_pan_entry_spiral,
          minmay_misc_feat_four_crosses, hangedman_tar_grid_catacomb,
          uniq_sojobo
Depths:3: evilmike_hourglass, layout_cave_pools, enter_ziggurat_b,
          grunt_hell_entry_dis_grunt, abyss_entry_small_statue_room,
          hangedman_abyss_or_decor_stabs, skrybe_limestone_x,
          okawaru_altar_gauntlet_db
Depths:4: lemuel_castle_with_subvaults [lemuel_castle_interior_carwin_2],
          layout_cave_shapes, hell_entry, eino_tiny_chamber, minmay_shoptagon
Zot:1:    layout_gridlike, uniq_vv
Zot:2:    layout_misc_corridors
Zot:3:    layout_misc_corridors, grunt_ministairs_2
Zot:4:    nicolae_zot_stationary_front, layout_onion_interference
Zot:5:    layout_onion

Skill      XL: |  1  2  3  4  5  6  7  8  9 10 11 12 13 14 15 16 17 18 19 20 21 22 23 24 25 26 27 |
---------------+----------------------------------------------------------------------------------+-----
Stealth        | 2 3 4 5 |  5.9
Fighting       | 2 4 5 7 8 10 12 13 14 16 17 18 | 18.3
Evocations     | 1 3 4 5 8 10 12 | 12.5
Short Blades   | 2 4 5 6 |  6.0
Dodging        | 4 6 7 8 10 12 13 14 | 14.3
Long Blades    | 1 6 9 11 | 11.3
Throwing       | 1 2 |  2.0
Armour         | 4 5 7 8 |  8.0
Shields        | 1 6 8 12 15 17 18 | 18.3
Shapeshifting  | 10 14 16 17 | 17.9
Spellcasting   | 7 8 9 10 | 10.4
Unarmed Combat | 7 13 17 18 19 21 22 | 22.0
Translocations | |  3.0

Action                     |  1- 3 |  4- 6 |  7- 9 | 10-12 | 13-15 | 16-18 | 19-21 | 22-24 | 25-27 || total
---------------------------+-------+-------+-------+-------+-------+-------+-------+-------+-------++-------
  Melee: Short sword       |    72 |   143 |   142 |       |       |       |       |       |       ||   357
         Bite              |     8 |    41 |   111 |   200 |   485 |   451 |   495 |   566 |   425 ||  2782
         Punch             |       |       |     9 |     9 |    16 |       |     1 |     2 |       ||    37
         Dagger            |       |       |   225 |    60 |    46 |       |       |       |       ||   331
         Scimitar          |       |       |     2 |   506 |  1101 |   585 |       |       |       ||  2194
         Demon blade       |       |       |       |       |       |   521 |   764 |       |       ||  1285
         Unarmed           |       |       |       |       |       |       |   375 |  1290 |   937 ||  2602
         Tailslap          |       |       |       |       |       |       |       |     1 |       ||     1
   Fire: Sling             |    42 |    73 |    16 |       |       |       |       |       |       ||   131
  Throw: Stone             |     8 |       |     3 |       |       |       |       |       |       ||    11
         Dart              |     1 |    27 |    40 |   105 |   115 |     3 |       |       |       ||   291
         Throwing net      |     1 |       |       |     2 |     1 |       |       |       |       ||     4
         Boomerang         |       |       |       |       |       |    65 |    28 |       |       ||    93
         Javelin           |       |       |       |       |       |       |    11 |    21 |    12 ||    44
 Invoke: Berserk           |       |       |    10 |    17 |    20 |    17 |    14 |     8 |     6 ||    92
         Trog's Hand       |       |       |       |     1 |     5 |     3 |       |     1 |     2 ||    12
         Brothers in Arms  |       |       |       |       |     2 |     5 |     4 |     4 |    13 ||    28
Ability: Begin Untransform |       |       |       |       |       |       |     1 |       |     1 ||     2
  Evoke: Wand              |     4 |     7 |    23 |    11 |    13 |    10 |     4 |    18 |    18 ||   108
         Tin of tremorston |       |       |       |       |     3 |     7 |     4 |     5 |     3 ||    22
         Sack of spiders   |       |       |       |       |     1 |     3 |     1 |     1 |     2 ||     8
         Lightning rod     |       |       |       |       |       |     8 |     5 |     9 |    11 ||    33
         Phial of floods   |       |       |       |       |       |     1 |     2 |     3 |     1 ||     7
         Phantom mirror    |       |       |       |       |       |       |       |       |     1 ||     1
    Use: Scroll            |     4 |     6 |     4 |    17 |    11 |     7 |     8 |     8 |    11 ||    76
         Potion            |       |     1 |     3 |     3 |     1 |     1 |     2 |     4 |    20 ||    35
   Stab: Sleeping          |       |     2 |     5 |     4 |     2 |     1 |    20 |    12 |     5 ||    51
         Paralysed         |       |       |     5 |       |     8 |     1 |       |     7 |     5 ||    26
         Distracted        |       |       |       |     1 |     1 |     3 |     3 |     2 |     1 ||    11
         Petrified         |       |       |       |       |     3 |       |       |       |       ||     3
         Invisible         |       |       |       |       |       |     1 |       |       |     2 ||     3
 Armour: Leather armour    |    38 |    85 |   244 |     6 |       |       |       |       |       ||   373
         Ring mail         |       |       |       |   334 |   524 |       |       |       |       ||   858
         Acid dragon scale |       |       |       |    22 |       |       |       |       |       ||    22
         Plate armour      |       |       |       |       |   186 |   521 |       |       |    42 ||   749
         Skin              |       |       |       |       |       |   174 |   861 |  1437 |   699 ||  3171
  Dodge: Dodged            |    51 |    84 |   154 |   286 |   609 |   614 |   957 |  1070 |   877 ||  4702
  Block: Other             |       |       |     9 |   116 |   141 |       |       |       |       ||   266
         Reflection        |       |       |       |     3 |    40 |    55 |    15 |       |       ||   113
         Buckler           |       |       |       |       |   244 |   707 |   733 |   686 |   452 ||  2822
         Tower shield      |       |       |       |       |       |       |     5 |       |    75 ||    80
   Form: Statue            |       |       |       |       |       |     1 |     1 |     1 |     1 ||     4
         Dragon            |       |       |       |       |       |       |       |     1 |       ||     1

Table legend: (Time is in decaauts)
 A = Elapsed time spent in this place.
 B = Non-inter-level travel time spent in this place.
 C = Inter-level travel time spent in this place.
 D = Time resting spent in this place.
 E = Time spent auto-exploring this place.
 F = Levels seen in this place.
 G = Mean time per level.
                   A        B        C        D        E       F      G
               +--------+--------+--------+--------+--------+-----+--------+
         Total |  95670 |  80451 |  15219 |  18915 |  35202 |  58 | 1649.5 |
       Dungeon |  33082 |  26021 |   7061 |   6648 |   8597 |  15 | 2205.5 |
          Lair |   8059 |   6808 |   1251 |    813 |   4101 |   5 | 1611.8 |
         Swamp |   5051 |   4229 |    822 |    802 |   2212 |   4 | 1262.8 |
     Snake Pit |   7551 |   6299 |   1252 |   1058 |   3954 |   4 | 1887.8 |
    Slime Pits |   2238 |   1960 |    278 |    798 |    141 |   5 |  447.6 |
  Orcish Mines |   2177 |   1805 |    372 |    549 |    645 |   2 | 1088.5 |
   Elven Halls |   7524 |   6899 |    625 |   2814 |   2426 |   3 | 2508.0 |
        Vaults |   8208 |   6868 |   1340 |    967 |   4453 |   4 | 2052.0 |
         Crypt |   3999 |   3901 |     98 |    869 |   2144 |   3 | 1333.0 |
        Depths |   8486 |   7065 |   1421 |    964 |   3864 |   4 | 2121.5 |
           Zot |   6368 |   5672 |    696 |   1937 |   1778 |   5 | 1273.6 |
        Bazaar |     70 |     70 |      0 |      0 |     51 |   1 |   70.0 |
      Ice Cave |   2213 |   2213 |      0 |    569 |    648 |   1 | 2213.0 |
       Volcano |    107 |    107 |      0 |     60 |      0 |   1 |  107.0 |
      Gauntlet |    530 |    530 |      0 |     63 |    183 |   1 |  530.0 |
               +--------+--------+--------+--------+--------+-----+--------+

Top non-repeatable levels by time:
     D:1: 4964 daAuts
   Elf:3: 4927 daAuts
     D:4: 3312 daAuts
     D:9: 3059 daAuts
   Zot:5: 2691 daAuts
     D:3: 2548 daAuts
 Snake:4: 2497 daAuts
     D:6: 2495 daAuts
Vaults:1: 2487 daAuts
Depths:4: 2473 daAuts
    D:15: 2344 daAuts
Depths:2: 2340 daAuts
 Snake:2: 2245 daAuts
   IceCv: 2213 daAuts
Depths:1: 2062 daAuts
